| TOP OF THE 1ST |
|
Houston Astros batting - Pitching for Atlanta Braves : RHP Tom Griffin
|
|
Pitching: RHP Tom Griffin
|
|
|
Batting: SHB Bill D Doran
|
0-0: Ball 1-0: Ball 2-0: Ball 3-0: Base on Balls
|
|
Batting: LHB Steve Kemp
|
0-0: Ball 1-0: Ball 2-0: Ball 3-0: Called Strike 3-1: Foul Ball, location: 2F 3-2: Foul Ball, location: 2F 3-2: Strikes out swinging Bill D Doran steals 2nd base Batter strikes out.
|
|
Batting: RHB Zail Smith
|
0-0: Foul Ball, location: 2F 0-1: Ball 1-1: Ball 2-1: Foul Ball, location: 2F 2-2: Ground out 5-3 (Groundball, 15, EV 88.8 MPH)
|
|
Batting: RHB John Castino
|
0-0: Called Strike 0-1: Ball 1-1: SINGLE (Flyball, 34D, EV 92.5 MPH) Bill D Doran to third Runner from 3rd tries for Home, SAFE, throw by RF to home John Castino to second
|
|
Batting: RHB Cecil Fielder
|
0-0: Called Strike 0-1: Swinging Strike 0-2: 2-RUN HOME RUN (Flyball, 9LD, EV 108.8 MPH), Distance : 369 ft
|
|
Batting: LHB Jose Cruz
|
0-0: Called Strike 0-1: Ground out 6-3 (Groundball, 6M, EV 89.4 MPH)
|
| Top of the 1st over - 3 runs, 2 hits, 0 errors, 0 left on base; Houston 3 - Atlanta 0 |
| BOTTOM OF THE 1ST |
|
Atlanta Braves batting - Pitching for Houston Astros : RHP Steve Bedrosian
|
|
Pitching: RHP Steve Bedrosian
|
|
|
Batting: SHB UL Washington
|
0-0: Ball 1-0: Called Strike 1-1: Ball 2-1: Foul Ball, location: 2F 2-2: Foul Ball, location: 2F 2-2: TRIPLE (Flyball, 78XD, EV 108.1 MPH)
|
|
Batting: LHB Leon Durham
|
0-0: Ball 1-0: Called Strike 1-1: Ground out U3 (Groundball, 3, EV 86.3 MPH)
|
|
Batting: LHB Joe L Morgan
|
0-0: Called Strike 0-1: Fly out, F8 (Flyball, 89D, EV 96.3 MPH) Runner from 3rd tags up, SCORES, throw by CF
|
|
Batting: LHB Bobby Murcer
|
0-0: Ball 1-0: Foul Ball, location: 2F 1-1: Ball 2-1: Foul Ball, location: 2F 2-2: Ball 3-2: Foul Ball, location: 2F 3-2: Ground out 4-3 (Groundball, 4S, EV 94.4 MPH)
|
| Bottom of the 1st over - 1 run, 1 hit, 0 errors, 0 left on base; Houston 3 - Atlanta 1 |
| TOP OF THE 2ND |
|
Houston Astros batting - Pitching for Atlanta Braves : RHP Tom Griffin
|
|
Batting: LHB Jerry Narron
|
0-0: Foul Ball, location: 2F 0-1: Foul Ball, location: 2F 0-2: Ball 1-2: Ball 2-2: Ball 3-2: Foul Ball, location: 2F 3-2: Foul Ball, location: 2F 3-2: Fly out, F7 (Flyball, 7, EV 86.9 MPH)
|
|
Batting: RHB Ricky Adams
|
0-0: Ball 1-0: Ball 2-0: Called Strike 2-1: Ball 3-1: Base on Balls
|
|
Batting: RHB Steve Bedrosian
|
0-0: Sac Bunt to 2R - play at first, batter OUT! 2-4 Ricky Adams to second
|
|
Batting: SHB Bill D Doran
|
0-0: Ball 1-0: Called Strike 1-1: Foul Ball, location: 2F 1-2: Ball 2-2: Ball 3-2: Base on Balls
|
|
Batting: LHB Steve Kemp
|
0-0: Ball 1-0: Ball 2-0: Ball 3-0: Base on Balls Ricky Adams to third Bill D Doran to second
|
|
Batting: RHB Zail Smith
|
0-0: Ball 1-0: Foul Ball, location: 2F 1-1: Ball 2-1: Ball 3-1: Fly out, F8 (Flyball, 78M, EV 73.1 MPH)
|
| Top of the 2nd over - 0 runs, 0 hits, 0 errors, 3 left on base; Houston 3 - Atlanta 1 |
| BOTTOM OF THE 2ND |
|
Atlanta Braves batting - Pitching for Houston Astros : RHP Steve Bedrosian
|
|
Batting: RHB John Freitas
|
0-0: Swinging Strike 0-1: SINGLE (Groundball, 56D, EV 102.5 MPH)
|
|
Batting: LHB Matt Winters
|
0-0: Ball 1-0: Reached on error, E9 (Flyball, 9, EV 90.0 MPH) John Freitas to second
|
|
Batting: RHB Adam Suman
|
0-0: Foul Ball, location: 2F 0-1: Ball 1-1: SINGLE (Groundball, 56D, EV 100.0 MPH) John Freitas to third Matt Winters to second Runner from 3rd tries for Home, SAFE, throw by LF to home
|
|
Batting: RHB Guy Sularz
|
0-0: Foul Ball, location: 2F 0-1: Called Strike 0-2: Foul Ball, location: 2F 0-2: Ball 1-2: Ground out 5-3 (Groundball, 56S, EV 68.1 MPH) Matt Winters to third Adam Suman to second
|
|
Batting: RHB Tom Griffin
|
0-0: Ball 1-0: Fly out, F7 (Flyball, 78D, EV 81.3 MPH) Runner from 3rd tags up, SCORES, no throw by LF
|
|
Batting: SHB UL Washington
|
0-0: Ball 1-0: Called Strike 1-1: Ball 2-1: Foul Ball, location: 2F 2-2: Foul Ball, location: 2F 2-2: Foul Ball, location: 2F 2-2: Ball 3-2: Fly out, F7 (Flyball, 7, EV 73.8 MPH)
|
| Bottom of the 2nd over - 2 runs, 2 hits, 1 error, 1 left on base; Houston 3 - Atlanta 3 |
| TOP OF THE 3RD |
|
Houston Astros batting - Pitching for Atlanta Braves : RHP Tom Griffin
|
|
Batting: RHB John Castino
|
0-0: Called Strike 0-1: Ball 1-1: Ball 2-1: SINGLE (Line Drive, 9S, EV 99.4 MPH)
|
|
Batting: RHB Cecil Fielder
|
0-0: Ball John Castino is caught stealing 2nd base 2-4 1-0: SINGLE (Line Drive, 6MD, EV 96.3 MPH)
|
|
Batting: LHB Jose Cruz
|
0-0: Called Strike 0-1: Ball 1-1: Called Strike 1-2: Ball 2-2: Foul Ball, location: 2F 2-2: Fielders Choice at 2nd, 6-4 (Groundball, 6, EV 84.4 MPH)
|
|
Batting: LHB Jerry Narron
|
0-0: Ball 1-0: Called Strike 1-1: Ball 2-1: Swinging Strike 2-2: Strikes out looking
|
| Top of the 3rd over - 0 runs, 2 hits, 0 errors, 1 left on base; Houston 3 - Atlanta 3 |
| BOTTOM OF THE 3RD |
|
Atlanta Braves batting - Pitching for Houston Astros : RHP Steve Bedrosian
|
|
Batting: LHB Leon Durham
|
0-0: Ball 1-0: Fly out, F9 (Flyball, 9S, EV 91.9 MPH)
|
|
Batting: LHB Joe L Morgan
|
0-0: Ball 1-0: Foul Ball, location: 2F 1-1: Fly out, F4 (Flyball, 3D, EV 77.5 MPH)
|
|
Batting: LHB Bobby Murcer
|
0-0: Ball 1-0: Foul Ball, location: 2F 1-1: Foul Ball, location: 2F 1-2: Foul Ball, location: 2F 1-2: SINGLE (Line Drive, 7S, EV 98.8 MPH)
|
|
Batting: RHB John Freitas
|
0-0: Called Strike 0-1: Foul Ball, location: 2F 0-2: Ball 1-2: Strikes out swinging
|
| Bottom of the 3rd over - 0 runs, 1 hit, 0 errors, 1 left on base; Houston 3 - Atlanta 3 |
| TOP OF THE 4TH |
|
Houston Astros batting - Pitching for Atlanta Braves : RHP Tom Griffin
|
|
Batting: RHB Ricky Adams
|
0-0: Called Strike 0-1: Ball 1-1: Ball 2-1: SINGLE (Line Drive, 7S, EV 100.0 MPH)
|
|
Batting: RHB Steve Bedrosian
|
0-0: Bunted foul 0-1: Ball 1-1: Ball 2-1: Ball 3-1: Bunted foul 3-2: Fly out, F9 (Flyball, 9LM, EV 99.4 MPH)
|
|
Batting: SHB Bill D Doran
|
0-0: Ball Wild Pitch! Ricky Adams to second 1-0: Ball 2-0: Ball 3-0: Called Strike 3-1: DOUBLE (Groundball, 3D, EV 97.5 MPH) Ricky Adams scores
|
|
Batting: LHB Steve Kemp
|
0-0: Hit by Pitch
|
|
Batting: RHB Zail Smith
|
0-0: Ball 1-0: Ball Bill D Doran is caught stealing 3rd base 2-5 Steve Kemp to second 2-0: Intentional Walk
|
|
Batting: RHB John Castino
|
0-0: Ball 1-0: Ball 2-0: Fielders Choice at 2nd, 5-4 (Groundball, 5, EV 85.0 MPH)
|
| Top of the 4th over - 1 run, 2 hits, 0 errors, 2 left on base; Houston 4 - Atlanta 3 |
| BOTTOM OF THE 4TH |
|
Atlanta Braves batting - Pitching for Houston Astros : RHP Steve Bedrosian
|
|
Batting: LHB Matt Winters
|
0-0: Called Strike 0-1: Foul Ball, location: 2F 0-2: Ball 1-2: Ball 2-2: Fly out, F9 (Flyball, 9, EV 95.0 MPH)
|
|
Batting: RHB Adam Suman
|
0-0: Ground out 5-3 (Groundball, 56, EV 83.8 MPH)
|
|
Batting: RHB Guy Sularz
|
0-0: Ball 1-0: Foul Ball, location: 2F 1-1: Ball 2-1: Swinging Strike 2-2: Fly out, F8 (Line Drive, 8LD, EV 96.9 MPH)
|
| Bottom of the 4th over - 0 runs, 0 hits, 0 errors, 0 left on base; Houston 4 - Atlanta 3 |
| TOP OF THE 5TH |
|
Houston Astros batting - Pitching for Atlanta Braves : RHP Tom Griffin
|
|
Batting: RHB Cecil Fielder
|
0-0: Swinging Strike 0-1: Ball 1-1: Swinging Strike 1-2: Foul Ball, location: 2F 1-2: Foul Ball, location: 2F 1-2: Foul Ball, location: 2F 1-2: Ball 2-2: Strikes out swinging
|
|
Batting: LHB Jose Cruz
|
0-0: Fly out, F8 (Flyball, 8RD, EV 86.3 MPH)
|
|
Batting: LHB Jerry Narron
|
0-0: SINGLE (Line Drive, 7LS, EV 106.3 MPH)
|
|
Batting: RHB Ricky Adams
|
0-0: Ball Wild Pitch! Jerry Narron to second 1-0: Intentional Walk
|
|
Batting: RHB Steve Bedrosian
|
0-0: Ball 1-0: Ground out 4-3 (Groundball, 4MD, EV 103.8 MPH)
|
| Top of the 5th over - 0 runs, 1 hit, 0 errors, 2 left on base; Houston 4 - Atlanta 3 |
| BOTTOM OF THE 5TH |
|
Atlanta Braves batting - Pitching for Houston Astros : RHP Steve Bedrosian
|
|
Batting: RHB Tom Griffin
|
0-0: Called Strike 0-1: Ball 1-1: Ball 2-1: Ground out 6-3 (Groundball, 6, EV 91.3 MPH)
|
|
Batting: SHB UL Washington
|
0-0: Ball 1-0: SINGLE (Groundball, 6MD, EV 98.8 MPH)
|
|
Batting: LHB Leon Durham
|
0-0: Ball 1-0: Ball UL Washington steals 2nd base (no throw) 2-0: Called Strike 2-1: Swinging Strike 2-2: Ball 3-2: Foul Ball, location: 2F 3-2: Strikes out swinging
|
|
Batting: LHB Joe L Morgan
|
0-0: Foul Ball, location: 2F 0-1: SINGLE (Groundball, 4MD, EV 95.6 MPH) UL Washington to third Runner from 3rd tries for Home, SAFE, throw by CF to home
|
|
Batting: LHB Bobby Murcer
|
0-0: Called Strike 0-1: Ball 1-1: Ball 2-1: Ground out 4-3 (Groundball, 4, EV 107.5 MPH)
|
| Bottom of the 5th over - 1 run, 2 hits, 0 errors, 1 left on base; Houston 4 - Atlanta 4 |
| TOP OF THE 6TH |
|
Houston Astros batting - Pitching for Atlanta Braves : RHP Tom Griffin
|
|
Batting: SHB Bill D Doran
|
0-0: Called Strike 0-1: Ball 1-1: Foul Ball, location: 2F 1-2: Ball 2-2: Foul Ball, location: 2F 2-2: Ball 3-2: Strikes out swinging
|
|
Batting: LHB Steve Kemp
|
0-0: Fly out, F8 (Flyball, 8LD, EV 101.9 MPH)
|
|
Batting: RHB Zail Smith
|
0-0: Swinging Strike 0-1: Ball 1-1: Ball 2-1: Foul Ball, location: 2F 2-2: Ground out 6-3 (Groundball, 6, EV 86.9 MPH)
|
| Top of the 6th over - 0 runs, 0 hits, 0 errors, 0 left on base; Houston 4 - Atlanta 4 |
| BOTTOM OF THE 6TH |
|
Atlanta Braves batting - Pitching for Houston Astros : RHP Steve Bedrosian
|
|
Batting: RHB John Freitas
|
0-0: Ball 1-0: Swinging Strike 1-1: Foul Ball, location: 2F 1-2: Fly out, F8 (Flyball, 8RD, EV 92.5 MPH)
|
|
Batting: LHB Matt Winters
|
0-0: Called Strike 0-1: Foul Ball, location: 2F 0-2: Strikes out swinging
|
|
Batting: RHB Adam Suman
|
0-0: Swinging Strike 0-1: Swinging Strike 0-2: Ground out 4-3 (Groundball, 4S, EV 92.5 MPH)
|
| Bottom of the 6th over - 0 runs, 0 hits, 0 errors, 0 left on base; Houston 4 - Atlanta 4 |
| TOP OF THE 7TH |
|
Houston Astros batting - Pitching for Atlanta Braves : RHP Tom Griffin
|
|
Batting: RHB John Castino
|
0-0: Fly out, F8 (Flyball, 8RXD, EV 95.6 MPH)
|
|
Batting: RHB Cecil Fielder
|
0-0: Ball 1-0: Ball 2-0: Reached on error, E6 (Flyball, 6MD, EV 80.6 MPH)
|
|
Pitching: RHP Charlie Lea
|
|
|
Now at C: Mike Scioscia
|
|
|
Batting: LHB Jose Cruz
|
0-0: Swinging Strike 0-1: Called Strike 0-2: Fly out, F9 (Flyball, 9, EV 97.5 MPH)
|
|
Batting: LHB Jerry Narron
|
0-0: Fly out, F4 (Popup, 34, EV 67.5 MPH)
|
| Top of the 7th over - 0 runs, 0 hits, 1 error, 1 left on base; Houston 4 - Atlanta 4 |
| BOTTOM OF THE 7TH |
|
Atlanta Braves batting - Pitching for Houston Astros : RHP Steve Bedrosian
|
|
Batting: RHB Guy Sularz
|
0-0: Ball 1-0: Ball 2-0: Foul Ball, location: 2F 2-1: Ball 3-1: Base on Balls
|
|
Batting: LHB Mike Scioscia
|
0-0: Called Strike 0-1: Called Strike 0-2: Ball 1-2: Grounds into double play, 4-6-3 (Groundball, 4D, EV 102.5 MPH)
|
|
Batting: SHB UL Washington
|
0-0: Called Strike 0-1: Foul Ball, location: 2F 0-2: Ball 1-2: Ball 2-2: Fly out, F6 (Flyball, 6MD, EV 91.3 MPH)
|
| Bottom of the 7th over - 0 runs, 0 hits, 0 errors, 0 left on base; Houston 4 - Atlanta 4 |
| TOP OF THE 8TH |
|
Houston Astros batting - Pitching for Atlanta Braves : RHP Charlie Lea
|
|
Batting: RHB Ricky Adams
|
0-0: Called Strike 0-1: Ball 1-1: Foul Ball, location: 2F 1-2: Ball 2-2: Foul Ball, location: 2F 2-2: Strikes out swinging
|
|
Batting: RHB Steve Bedrosian
|
0-0: Foul Ball, location: 2F 0-1: Ball 1-1: Called Strike 1-2: Fly out, F7 (Flyball, 78S, EV 86.9 MPH)
|
|
Batting: SHB Bill D Doran
|
0-0: Ball 1-0: DOUBLE (Popup, 56D, EV 58.1 MPH)
|
|
Batting: LHB Steve Kemp
|
0-0: Called Strike 0-1: Ball 1-1: Fly out, F7 (Line Drive, 7D, EV 89.4 MPH)
|
| Top of the 8th over - 0 runs, 1 hit, 0 errors, 1 left on base; Houston 4 - Atlanta 4 |
| BOTTOM OF THE 8TH |
|
Atlanta Braves batting - Pitching for Houston Astros : RHP Steve Bedrosian
|
|
Batting: LHB Leon Durham
|
0-0: Ball 1-0: Called Strike 1-1: Ball 2-1: Swinging Strike 2-2: Foul Ball, location: 2F 2-2: Ball 3-2: Base on Balls
|
|
Batting: LHB Joe L Morgan
|
0-0: Ball Leon Durham steals 2nd base 1-0: Foul Ball, location: 2F 1-1: Ball 2-1: Fly out, F6 (Popup, 15S, EV 93.1 MPH)
|
|
Batting: LHB Bobby Murcer
|
0-0: Intentional Walk
|
|
Batting: RHB John Freitas
|
0-0: Ball 1-0: Grounds into double play, 6-4-3 (Groundball, 6MD, EV 109.4 MPH)
|
| Bottom of the 8th over - 0 runs, 0 hits, 0 errors, 1 left on base; Houston 4 - Atlanta 4 |
| TOP OF THE 9TH |
|
Houston Astros batting - Pitching for Atlanta Braves : RHP Charlie Lea
|
|
Batting: RHB Zail Smith
|
0-0: Ball 1-0: Ground out 6-3 (Groundball, 6MD, EV 100.6 MPH)
|
|
Batting: RHB John Castino
|
0-0: Called Strike 0-1: Ground out 4-3 (Groundball, 34D, EV 78.8 MPH)
|
|
Batting: RHB Cecil Fielder
|
0-0: Foul Ball, location: 2F 0-1: Foul Ball, location: 2F 0-2: Ball 1-2: Strikes out swinging
|
| Top of the 9th over - 0 runs, 0 hits, 0 errors, 0 left on base; Houston 4 - Atlanta 4 |
| BOTTOM OF THE 9TH |
|
Atlanta Braves batting - Pitching for Houston Astros : RHP Steve Bedrosian
|
|
Batting: LHB Matt Winters
|
0-0: Ball 1-0: Ball 2-0: Foul Ball, location: 2F 2-1: Foul Ball, location: 2F 2-2: Foul Ball, location: 2F 2-2: Foul Ball, location: 2F 2-2: Foul Ball, location: 2F 2-2: Foul Ball, location: 2F 2-2: Fly out, F4 (Flyball, 4D, EV 90.0 MPH)
|
|
Pinch Hitting: SHB Tony Fernandez
|
0-0: Fly out, F7 (Flyball, 7S, EV 94.4 MPH)
|
|
Pinch Hitting: LHB Mike Hargrove
|
0-0: Ball 1-0: Called Strike 1-1: Called Strike 1-2: Ball 2-2: Ball 3-2: Ground out 5-3 (Groundball, 56, EV 87.5 MPH)
|
| Bottom of the 9th over - 0 runs, 0 hits, 0 errors, 0 left on base; Houston 4 - Atlanta 4 |
| TOP OF THE 10TH |
|
Houston Astros batting - Pitching for Atlanta Braves : RHP Charlie Lea
|
|
Pitching: LHP Scott McGregor
|
|
|
Now at SS: Tony Fernandez
|
|
|
Pinch Hitting: RHB Julio Franco
|
0-0: Foul Ball, location: 2F 0-1: Ball 1-1: Ball 2-1: Foul Ball, location: 2F 2-2: Ball 3-2: Fly out, F3 (Flyball, 3D, EV 83.1 MPH)
|
|
Pinch Hitting: RHB Mickey Hatcher
|
0-0: Called Strike 0-1: Fly out, F7 (Flyball, 78M, EV 91.3 MPH)
|
|
Batting: RHB Ricky Adams
|
0-0: Called Strike 0-1: Swinging Strike 0-2: Ground out 6-3 (Groundball, P, EV 88.8 MPH)
|
| Top of the 10th over - 0 runs, 0 hits, 0 errors, 0 left on base; Houston 4 - Atlanta 4 |
| BOTTOM OF THE 10TH |
|
Atlanta Braves batting - Pitching for Houston Astros : RHP Steve Bedrosian
|
|
Now at C: Dave Valle
|
|
|
Now at 1B: Mickey Hatcher
|
|
|
Batting: LHB Mike Scioscia
|
0-0: Called Strike 0-1: Ball 1-1: Called Strike 1-2: Ball 2-2: Ball 3-2: Foul Ball, location: 2F 3-2: SINGLE (Line Drive, 9S, EV 105.6 MPH)
|
|
Pitching: LHP Mike Caldwell
|
|
|
Now at SS: Tom Herr
|
|
|
Pinch Hitting: RHB Craig Kusick
|
0-0: Ball 1-0: Grounds into double play, 4-6-3 (Groundball, 4MS, EV 88.1 MPH)
|
|
Batting: LHB Leon Durham
|
0-0: Called Strike 0-1: Foul Ball, location: 2F 0-2: Foul Ball, location: 2F 0-2: Foul Ball, location: 2F 0-2: Fly out, F9 (Flyball, 9D, EV 107.5 MPH)
|
| Bottom of the 10th over - 0 runs, 1 hit, 0 errors, 0 left on base; Houston 4 - Atlanta 4 |
| TOP OF THE 11TH |
|
Houston Astros batting - Pitching for Atlanta Braves : LHP Scott McGregor
|
|
Now in RF: Craig Kusick
|
|
|
Batting: SHB Tom Herr
|
0-0: Ball 1-0: Ball 2-0: Called Strike 2-1: Foul Ball, location: 2F 2-2: Ground out 4-3 (Groundball, 34D, EV 102.5 MPH)
|
|
Batting: SHB Bill D Doran
|
0-0: Called Strike 0-1: Ball 1-1: Ball 2-1: Ball 3-1: Base on Balls
|
|
Batting: LHB Steve Kemp
|
0-0: Ball 1-0: Called Strike 1-1: Foul Ball, location: 2F 1-2: Fly out, F6 (Flyball, 6D, EV 77.5 MPH)
|
|
Batting: RHB Zail Smith
|
0-0: Ground out 6-3 (Groundball, 6, EV 78.8 MPH)
|
| Top of the 11th over - 0 runs, 0 hits, 0 errors, 1 left on base; Houston 4 - Atlanta 4 |
| BOTTOM OF THE 11TH |
|
Atlanta Braves batting - Pitching for Houston Astros : LHP Mike Caldwell
|
|
Batting: LHB Joe L Morgan
|
0-0: Ball 1-0: Called Strike 1-1: Foul Ball, location: 2F 1-2: Ball 2-2: Foul Ball, location: 2F 2-2: SINGLE (Line Drive, 56D, EV 102.5 MPH)
|
|
Batting: LHB Bobby Murcer
|
0-0: Ball 1-0: Called Strike 1-1: Grounds out, U3 (Groundball, 3L, EV 78.8 MPH)
|
|
Batting: RHB John Freitas
|
0-0: Intentional Walk
|
|
Batting: LHB Matt Winters
|
0-0: Foul Ball, location: 2F 0-1: 3-RUN HOME RUN (Flyball, 7LD, EV 103.8 MPH), Distance : 359 ft
|
| Bottom of the 11th over - 3 runs, 2 hits, 0 errors, 0 left on base; Houston 4 - Atlanta 7 |
|